1812 views
Uploaded 2023-01-27 13:36:46
Game version 1.35 (6115)
30:33 long 1on1 ladder game on (2)amazonia s3
Saved by DensitY
1812 views
Uploaded 2023-01-27 13:36:46
Game version 1.35 (6115)
30:33 long 1on1 ladder game on (2)amazonia s3

62 units @ 8.5k
/ 0.8k
16 buildings @ 2.5k
/ 0.8k


| Rod of Necromancy | 1 | 150 |
| Sacrificial Skull | 1 | 50 |
| Potion of Mana | 8 | 1600 |
| Potion of Healing | 2 | 300 |
| Orb of Corruption | 1 | 375 |
| Dust of Appearance | 2 | 150 |
| Scroll of Healing | 4 | 1000 |
| Scroll of Town Portal | 1 | 350 |
| Potion of Lesser Invulnerability | 1 | 150 |
| total: | 21 | 4125g |
| Acolyte | 9 | 675 | / | 0 |
| Ghoul | 21 | 2520 | / | 0 |
| Crypt Fiend | 9 | 1935 | / | 360 |
| Gargoyle | 1 | 175 | / | 30 |
| Necromancer | 21 | 3045 | / | 420 |
| Banshee | 1 | 155 | / | 30 |
| total: | 62 | 8505g | / | 840w |
| Nerubian Tower | 1 | 100 | / | 20 |
| Spirit Tower | 5 | 725 | / | 200 |
| Altar of Darkness | 1 | 180 | / | 50 |
| Crypt | 1 | 200 | / | 50 |
| Ziggurat | 11 | 1650 | / | 550 |
| Graveyard | 1 | 215 | / | 0 |
| Tomb of Relics | 1 | 130 | / | 30 |
| Temple of the Damned | 1 | 155 | / | 140 |
| Halls of the Dead | 1 | 320 | / | 210 |
| Black Citadel | 1 | 325 | / | 230 |
| total: | 16 | 2530g | / | 820w |
| 0:04 | Acolyte |
| 0:04 | Acolyte |
| 0:07 | Altar of Darkness |
| 0:17 | Acolyte |
| 0:20 | Crypt |
| 0:32 | Ziggurat |
| 0:56 | Graveyard |
| 1:15 | Ziggurat |
| 1:24 | Ghoul |
| 1:39 | Ghoul |
| 1:51 | Tomb of Relics |
| 2:19 | Crypt Fiend |
| 2:21 | Nerubian Tower |
| 2:27 | Death Coil |
| 2:46 | Spirit Tower |
| 3:23 | Crypt Fiend |
| 3:25 | Dust of Appearance |
| 3:31 | Ziggurat |
| 3:51 | Crypt Fiend |
| 4:39 | Unholy Aura |
| 5:11 | Crypt Fiend |
| 5:13 | Halls of the Dead |
| 5:25 | Rod of Necromancy |
| 5:27 | Sacrificial Skull |
| 5:39 | Crypt Fiend |
| 5:42 | Ziggurat |
| 5:43 | Ziggurat |
| 6:19 | Death Coil |
| 6:26 | Crypt Fiend |
| 6:28 | Creature Attack |
| 7:07 | Spirit Tower |
| 7:47 | Potion of Lesser Invulnerability |
| 8:02 | Potion of Mana |
| 8:05 | Burrow |
| 8:05 | Web |
| 8:08 | Black Citadel |
| 8:35 | Temple of the Damned |
| 9:11 | Frost Nova |
| 9:14 | Potion of Mana |
| 9:37 | Gargoyle |
| 9:42 | Necromancer Adept Training |
| 9:43 | Skeletal Mastery |
| 9:48 | Ghoul |
| 10:10 | Unholy Aura |
| 10:47 | Frost Armor |
| 11:03 | Ghoul |
| 11:06 | Necromancer |
| 11:10 | Spirit Tower |
| 11:18 | Ghoul |
| 11:29 | Scroll of Healing |
| 11:36 | Necromancer |
| 11:41 | Ghoul Frenzy |
| 11:52 | Necromancer |
| 12:25 | Necromancer Master Training |
| 13:06 | Ghoul |
| 13:07 | Necromancer |
| 13:11 | Ziggurat |
| 13:38 | Scroll of Town Portal |
| 13:49 | Necromancer |
| 13:51 | Ghoul |
| 14:13 | Frost Nova |
| 14:44 | Ghoul |
| 14:44 | Banshee |
| 14:46 | Necromancer |
| 14:59 | Ghoul |
| 15:00 | Necromancer |
| 15:19 | Death Coil |
| 15:21 | Potion of Mana |
| 15:22 | Scroll of Healing |
| 15:30 | Crypt Fiend |
| 15:35 | Acolyte |
| 15:50 | Spirit Tower |
| 16:22 | Crypt Fiend |
| 16:52 | Potion of Mana |
| 17:05 | Frost Armor |
| 17:46 | Ghoul |
| 17:47 | Necromancer |
| 17:51 | Acolyte |
| 17:52 | Acolyte |
| 17:52 | Acolyte |
| 17:52 | Acolyte |
| 17:54 | Ziggurat |
| 17:55 | Ziggurat |
| 18:09 | Necromancer |
| 18:41 | Necromancer |
| 18:42 | Ghoul |
| 19:14 | Ghoul |
| 19:15 | Necromancer |
| 19:18 | Acolyte |
| 19:25 | Scroll of Healing |
| 19:31 | Potion of Mana |
| 19:34 | Potion of Healing |
| 19:36 | Orb of Corruption |
| 19:42 | Necromancer |
| 19:55 | Ghoul |
| 20:00 | Scroll of Healing |
| 20:17 | Potion of Mana |
| 21:01 | Animate Dead |
| 21:13 | Frost Nova |
| 21:54 | Ziggurat |
| 21:55 | Ziggurat |
| 21:56 | Ziggurat |
| 21:59 | Necromancer |
| 22:01 | Ghoul |
| 22:32 | Death and Decay |
| 22:59 | Necromancer |
| 23:00 | Ghoul |
| 23:27 | Potion of Mana |
| 23:35 | Ghoul |
| 23:36 | Necromancer |
| 23:39 | Spirit Tower |
| 24:23 | Dark Ritual |
| 24:46 | Crypt Fiend |
| 24:49 | Necromancer |
| 25:13 | Necromancer |
| 25:17 | Potion of Mana |
| 25:45 | Unholy Armor |
| 26:00 | Ghoul |
| 26:03 | Necromancer |
| 26:25 | Ghoul |
| 26:26 | Necromancer |
| 27:24 | Ghoul |
| 27:25 | Necromancer |
| 28:04 | Ghoul |
| 28:25 | Ghoul |
| 28:26 | Necromancer |
| 29:15 | Potion of Healing |
| 29:16 | Dust of Appearance |
| Right click | 1656 |
| Select group | 579 |
| Select | 496 |
| Build/train/purchase | 209 |
| Assign group | 104 |
| Use ability | 99 |
| Misc. action | 88 |
| Item give/drop | 10 |
| Chat | 4 |
| Remove unit | 3 |
97 units @ 12.2k
/ 1.2k
15 buildings @ 2.7k
/ 0.8k

| Healing Salve | 2 | 200 |
| total: | 2 | 200g |
| Peon | 29 | 2175 | / | 0 |
| Grunt | 8 | 1600 | / | 0 |
| Troll Headhunter | 13 | 1820 | / | 260 |
| Troll Berserker | 47 | 6580 | / | 940 |
| total: | 97 | 12175g | / | 1200w |
| Altar of Storms | 1 | 180 | / | 50 |
| Orc Burrow | 8 | 1280 | / | 320 |
| Barracks | 2 | 360 | / | 100 |
| War Mill | 1 | 205 | / | 0 |
| Voodoo Lounge | 1 | 130 | / | 30 |
| Great Hall | 1 | 385 | / | 185 |
| Beastiary | 1 | 145 | / | 140 |
| Stronghold | 2 | 630 | / | 380 |
| Fortress | 1 | 325 | / | 190 |
| total: | 15 | 2685g | / | 825w |
| 0:03 | Altar of Storms |
| 0:04 | Peon |
| 0:04 | Peon |
| 0:13 | Orc Burrow |
| 0:15 | Peon |
| 0:35 | Barracks |
| 0:40 | Peon |
| 0:46 | Peon |
| 0:46 | Peon |
| 0:46 | Peon |
| 0:46 | Peon |
| 0:46 | Peon |
| 0:46 | Peon |
| 0:46 | Peon |
| 1:14 | Peon |
| 1:37 | Grunt |
| 1:43 | Grunt |
| 1:56 | Orc Burrow |
| 2:06 | Mirror Image |
| 2:25 | War Mill |
| 3:08 | Grunt |
| 3:25 | Voodoo Lounge |
| 4:06 | Grunt |
| 4:44 | Healing Salve |
| 4:54 | Troll Headhunter |
| 5:09 | Critical Strike |
| 5:12 | Steel Ranged Weapons |
| 5:17 | Troll Headhunter |
| 5:22 | Barracks |
| 5:42 | Orc Burrow |
| 6:20 | Stronghold |
| 6:36 | Troll Headhunter |
| 6:37 | Troll Headhunter |
| 6:42 | Troll Headhunter |
| 6:44 | Orc Burrow |
| 7:05 | Troll Headhunter |
| 7:14 | Mirror Image |
| 7:28 | Troll Headhunter |
| 7:46 | Troll Headhunter |
| 8:49 | Thorium Ranged Weapons |
| 9:26 | Troll Headhunter |
| 9:30 | Troll Headhunter |
| 10:00 | Great Hall |
| 10:07 | Steel Armor |
| 10:08 | Fortress |
| 10:41 | Troll Headhunter |
| 10:54 | Critical Strike |
| 11:03 | Troll Headhunter |
| 11:03 | Troll Headhunter |
| 11:23 | Troll Regeneration |
| 12:29 | Berserker Upgrade |
| 12:46 | Orc Burrow |
| 12:49 | Orc Burrow |
| 13:02 | Peon |
| 13:02 | Peon |
| 13:02 | Peon |
| 13:03 | Peon |
| 13:03 | Peon |
| 13:04 | Peon |
| 13:32 | Peon |
| 13:32 | Peon |
| 13:47 | Troll Berserker |
| 13:48 | Troll Berserker |
| 13:48 | Troll Berserker |
| 13:56 | Mirror Image |
| 14:12 | Orc Burrow |
| 14:38 | Troll Berserker |
| 14:38 | Troll Berserker |
| 15:18 | Troll Berserker |
| 15:18 | Troll Berserker |
| 15:18 | Troll Berserker |
| 15:34 | Troll Berserker |
| 15:34 | Troll Berserker |
| 16:02 | Troll Berserker |
| 16:02 | Troll Berserker |
| 16:13 | Orc Burrow |
| 16:16 | Berserker Strength |
| 17:12 | Troll Berserker |
| 17:12 | Troll Berserker |
| 17:45 | Troll Berserker |
| 17:45 | Troll Berserker |
| 17:54 | Arcanite Ranged Weapons |
| 18:32 | Grunt |
| 18:32 | Grunt |
| 18:44 | Critical Strike |
| 19:29 | Steel Melee Weapons |
| 19:30 | Thorium Armor |
| 19:38 | Grunt |
| 19:38 | Grunt |
| 20:51 | Troll Berserker |
| 20:51 | Troll Berserker |
| 21:13 | Bladestorm |
| 21:18 | Troll Berserker |
| 21:18 | Troll Berserker |
| 21:40 | Troll Berserker |
| 21:40 | Troll Berserker |
| 21:50 | Beastiary |
| 22:02 | Thorium Melee Weapons |
| 22:07 | Peon |
| 22:07 | Peon |
| 22:07 | Peon |
| 22:07 | Peon |
| 22:09 | Peon |
| 22:09 | Peon |
| 22:59 | Wind Walk |
| 23:04 | Troll Berserker |
| 23:04 | Troll Berserker |
| 23:04 | Troll Berserker |
| 24:08 | Troll Berserker |
| 24:08 | Troll Berserker |
| 24:32 | Troll Berserker |
| 24:32 | Troll Berserker |
| 24:40 | Wind Walk |
| 24:42 | Troll Berserker |
| 25:17 | Arcanite Armor |
| 25:24 | Peon |
| 25:24 | Peon |
| 25:24 | Peon |
| 26:35 | Troll Berserker |
| 26:36 | Troll Berserker |
| 26:36 | Troll Berserker |
| 27:52 | Troll Berserker |
| 27:52 | Troll Berserker |
| 28:22 | Troll Berserker |
| 28:22 | Troll Berserker |
| 28:39 | Healing Salve |
| 29:10 | Wind Walk |
| 29:14 | Troll Berserker |
| 29:14 | Troll Berserker |
| 29:14 | Troll Berserker |
| 29:58 | Troll Berserker |
| 29:58 | Troll Berserker |
| 29:58 | Troll Berserker |
| 30:07 | Troll Berserker |
| 30:07 | Troll Berserker |
| 30:24 | Troll Berserker |
| 30:24 | Troll Berserker |
| Select group | 3013 |
| Right click | 2542 |
| Select | 999 |
| Build/train/purchase | 188 |
| Misc. action | 153 |
| Assign group | 151 |
| Use ability | 11 |
| Remove unit | 1 |